 Dungeon Crawl Stone Soup version 0.30.1-11-g7821555f0a (webtiles) character file.

Game seed: 3557245118111928369

32 Tauromancer the Trooper (level 3, -2/33 HPs)
             Began as a Hill Orc Fighter on Jan 9, 2024.
             Slain by Sigmund
             ... wielding a +0 scythe
              (9 damage)
             ... on level 2 of the Dungeon.
             The game lasted 00:03:23 (728 turns).

Tauromancer the Trooper (Hill Orc Fighter)           Turns: 728, Time: 00:03:24

Health: -2/33      AC:  8    Str: 20    XL:     3   Next: 27%
Magic:  3/3        EV:  9    Int:  8    God:
Gold:   41         SH:  4    Dex: 10    Spells: 2/2 levels left

rFire   . . .        a - +0 trident
rCold   . . .        c - +0 buckler
rNeg    . . .        b - +0 scale mail
rPois   .            (no helmet)
rElec   .            (no cloak)
rCorr   .            (no gloves)
SInv    .            f - +0 pair of boots
Will    .....        (no amulet) Stlth
                     (no ring)
HPRegen 0.25/turn    (no ring)
MPRegen 0.08/turn

%: no passive effects
@: no status effects
A: no striking features
a: no special abilities


You were on level 2 of the Dungeon.
You visited 1 branch of the dungeon, and saw 2 of its levels.

You collected 77 gold pieces.
You spent 36 gold pieces at shops.

Inventory:

Hand Weapons
 a - a +0 trident (weapon)
Armour
 b - a +0 scale mail (worn)
 c - a +0 buckler (worn)
 f - a +0 pair of boots (worn)
Scrolls
 e - 2 scrolls of poison
 g - a scroll of teleportation
 i - a scroll of identify
 j - a scroll of vulnerability
 k - a scroll of brand weapon
Potions
 d - a potion of might
 h - a potion of flight


   Skills:
 + Level 4.1 Fighting
 + Level 2.7 Polearms
 + Level 3.7 Armour
 + Level 3.6 Shields


You had 2 spell levels left.
You didn't know any spells.
Your spell library was empty.

Dungeon Overview and Level Annotations

Branches:
Dungeon (2/15)

Altars:

Shops:
D:1 (   D:2 *

Annotations:
D:2 1 runed translucent door, Crazy Yiuf, Sigmund


Message History

You puncture the hobgoblin!
You kill the hobgoblin!
Found a fizzy inky potion.
Found a stone staircase leading down.
You hear some strange, mumbled words.
You are confused.
You are too confused!
You are too confused!
You are too confused!
You are too confused!
You are too confused!
You are too confused!
You are too confused!
You are too confused!
You are too confused!
You hear some strange, mumbled words.
A magic dart appears from out of thin air!
The magic dart hits you. The kobold hits you with a +0 whip.
The kobold attacks as you move away! The kobold hits you with a +0 whip.
Something hits you.
The kobold throws a stone.
The stone hits you.
The kobold throws a stone.
The stone barely misses you.
You feel less confused.
The kobold throws a stone.
The stone closely misses you.
The kobold throws a stone.
The stone closely misses you. Something hits you but does no damage.
Something hits you!
The kobold throws a stone.
The stone hits you but does no damage.
You are too injured to fight recklessly!
You are too injured to fight recklessly!
You are too injured to fight recklessly!
Reach: a) +0 trident
Press: ? - help, Dir - move target, f - kobold
Aim: a kobold, wielding a +0 whip and quivering stones (about 50% to evade your +0 trident)
You reach to attack!
You puncture the kobold!
You kill the kobold!
You hear some strange, mumbled words.
A puff of flame appears from out of thin air!
The puff of flame hits you!
* * * LOW HITPOINT WARNING * * *
You miss something. Something hits you!
You die...

......# #######.#..###
####### #...........###
#.#...###.....#
#.#...+.#...#.#
#####.#...#.#.###.#####
##.....#...#.#...#.#....
#..........#.###.#.#....
#.......{).......#.#....
.......@##.........#...<
.....)..##.....###......
........##..............
.......###.........#(#..
####...###K....#.....#..
!............#........
######......###>.......
#...[...########..
.....$....# #..


There were no monsters in sight!

Vanquished Creatures
  A dart slug (D:1)
  2 ball pythons (D:1)
  3 bats
  An endoplasm (D:1)
  A giant cockroach (D:2)
  A goblin (D:1)
  6 hobgoblins
  4 jackals (D:1)
  A quokka (D:1)
  A frilled lizard (D:1)
  4 kobolds
  A rat (D:1)
26 creatures vanquished.

Notes
Turn   | Place    | Note
-------+----------+-------------------------------------------
     0 | D:1      | Tauromancer the Hill Orc Fighter began the quest for the
                  | Orb.
     0 | D:1      | Reached XP level 1. HP: 19/19 MP: 1/1
   132 | D:1      | Reached XP level 2. HP: 27/27 MP: 2/2
   320 | D:1      | Found Kuyrar's Weapon Boutique.
   327 | D:1      | Reached skill level 4 in Fighting
   327 | D:1      | Reached XP level 3. HP: 33/33 MP: 3/3
   565 | D:2      | Found Xadef's General Store.
   578 | D:2      | Bought a scroll of teleportation for 36 gold pieces
   679 | D:2      | Found a runed translucent door.
   682 | D:2      | Noticed Crazy Yiuf
   708 | D:2      | Noticed Sigmund
   728 | D:2      | Slain by Sigmund

Illustrated notes

Levels and vault maps discovered:
D:1:      amcnicky_arrival_flooded_fountain, layout_rooms, serial_shops, shop,
          serial_bayou_pond_e
D:2:      layout_basic, shapermc_ecumenical_altar_acropolis, serial_shops,
          nicolae_shop_getting_attention, item_on_display_a, uniq_robin,
          uniq_crazy_yiuf_cottage, uniq_sigmund

Skill      XL: |  1  2 |
---------------+-------+-----
Fighting       | 4 |  4.1
Polearms       | |  2.7
Armour         | |  3.7
Shields        | |  3.6

Action                     || total
---------------------------++-------
  Melee: Trident           ||    72
    Use: Scroll            ||     5
 Armour: Scale mail        ||    38
  Dodge: Dodged            ||    48
  Block: Buckler           ||    17
